PUB
KINUSO BLUES @ PUERTO RICO HURRICANES
06/02/1972
 
TOP OF THE 1ST
Kinuso Blues batting - Pitching for Puerto Rico Hurricanes : RHP Eduard Jatzkov
Pitching: RHP Eduard Jatzkov
Batting: LHB Von Joshua 0-0: Ball
1-0: Foul Ball, location: 3F
1-1: Ball
2-1: Foul Ball, location: 23F
2-2: SINGLE (Line Drive, 34, EV 95.0 MPH)
Batting: SHB Ken Henderson 0-0: Called Strike
0-1: Called Strike
0-2: Fly out, F7 (Flyball, 78D, EV 103.8 MPH)
Batting: LHB John Heller 0-0: Ball
1-0: Ball
2-0: Ball
3-0: Called Strike
3-1: Foul Ball, location: 7LSF
3-2: 2-RUN HOME RUN (Flyball, 9D, EV 91.9 MPH), Distance : 354 ft
Batting: RHB Thurman Munson 0-0: Ball
1-0: Foul Ball, location: 9LMF
1-1: Swinging Strike
1-2: Ball
2-2: Foul Ball, location: 5F
2-2: Strikes out swinging
Batting: RHB Bob Jenkins 0-0: Called Strike
0-1: Ground out 6-3 (Groundball, 6MS, EV 87.5 MPH)
Top of the 1st over - 2 runs, 2 hits, 0 errors, 0 left on base; Kinuso 2 - Puerto Rico 0
BOTTOM OF THE 1ST
Puerto Rico Hurricanes batting - Pitching for Kinuso Blues : RHP Terry Stabler
Pitching: RHP Terry Stabler
Batting: RHB Alfonso Santana 0-0: Ball
1-0: Ball
2-0: Foul Ball, location: 3DF
2-1: Ground out U3 (Groundball, 3, EV 83.1 MPH)
Batting: SHB Miguel Carrasco 0-0: Ball
1-0: Swinging Strike
1-1: Called Strike
1-2: Ball
2-2: Strikes out swinging
Batting: LHB Andrej Eenkhoorn 0-0: Ball
1-0: SINGLE (Groundball, 3D, EV 97.5 MPH)
Batting: RHB Steve Scott 0-0: Ball
1-0: Called Strike
1-1: Ball
Passed Ball!
Andrej Eenkhoorn to second
2-1: Called Strike
2-2: Ground out 5-3 (Groundball, 5, EV 91.3 MPH)
Bottom of the 1st over - 0 runs, 1 hit, 0 errors, 1 left on base; Kinuso 2 - Puerto Rico 0
TOP OF THE 2ND
Kinuso Blues batting - Pitching for Puerto Rico Hurricanes : RHP Eduard Jatzkov
Batting: LHB Robby Burgess 0-0: Ball
1-0: Ball
2-0: Foul Ball, location: 2F
2-1: Ball
3-1: Base on Balls
Batting: RHB César Muñóz 0-0: Swinging Strike
0-1: Bunt missed!
0-2: Fly out, F3 (Line Drive, 3L, EV 67.5 MPH)
Batting: RHB Steve Powell 0-0: Called Strike
0-1: Swinging Strike
0-2: Strikes out swinging
Batting: RHB Terry Stabler 0-0: Ball
1-0: Ball
2-0: Called Strike
2-1: Swinging Strike
2-2: Ball
3-2: Foul Ball, location: 2F
3-2: Foul Ball, location: 2F
3-2: Foul Ball, location: 5F
3-2: Fly out, F3 (Popup, 3SF, EV 70.6 MPH)
Top of the 2nd over - 0 runs, 0 hits, 0 errors, 1 left on base; Kinuso 2 - Puerto Rico 0
BOTTOM OF THE 2ND
Puerto Rico Hurricanes batting - Pitching for Kinuso Blues : RHP Terry Stabler
Batting: SHB Ted Simmons 0-0: Swinging Strike
0-1: Ground out 5-3 (Groundball, 56S, EV 86.3 MPH)
Batting: LHB Yoshitaka Kouda 0-0: Foul Ball, location: 2F
0-1: Ball
1-1: Ball
2-1: Swinging Strike
2-2: Ball
3-2: Foul Ball, location: 5F
3-2: Strikes out looking
Batting: LHB Koyo Yamamoto 0-0: Called Strike
0-1: Foul Ball, location: 3F
0-2: Ball
1-2: Strikes out swinging
Bottom of the 2nd over - 0 runs, 0 hits, 0 errors, 0 left on base; Kinuso 2 - Puerto Rico 0
TOP OF THE 3RD
Kinuso Blues batting - Pitching for Puerto Rico Hurricanes : RHP Eduard Jatzkov
Batting: LHB Von Joshua 0-0: Swinging Strike
0-1: Swinging Strike
0-2: Ball
1-2: Foul Ball, location: 7LDF
1-2: Strikes out swinging
Batting: SHB Ken Henderson 0-0: Called Strike
0-1: Foul Ball, location: 7LMF
0-2: Ball
1-2: Ball
2-2: Fly out, F9 (Flyball, 9, EV 95.6 MPH)
Batting: LHB John Heller 0-0: Called Strike
0-1: Ball
1-1: Ball
2-1: SINGLE (Groundball, 34, EV 101.3 MPH) (infield hit)
Batting: RHB Thurman Munson 0-0: Ball
1-0: SINGLE (Line Drive, 6MD, EV 93.8 MPH)
John Heller to second
Batting: RHB Bob Jenkins 0-0: Called Strike
0-1: Ball
1-1: Fielders Choice at 2nd, 5-4 (Groundball, 56, EV 76.9 MPH)
Top of the 3rd over - 0 runs, 2 hits, 0 errors, 2 left on base; Kinuso 2 - Puerto Rico 0
BOTTOM OF THE 3RD
Puerto Rico Hurricanes batting - Pitching for Kinuso Blues : RHP Terry Stabler
Batting: RHB Woody Frazier 0-0: Ball
1-0: Called Strike
1-1: Foul Ball, location: 2F
1-2: Ground out 4-3 (Groundball, 4D, EV 99.4 MPH)
Batting: RHB Eduard Jatzkov 0-0: Ball
1-0: Ball
2-0: Ball
3-0: Called Strike
3-1: Base on Balls
Batting: RHB Alfonso Santana 0-0: Ball
1-0: Ball
2-0: Swinging Strike
2-1: Ball
3-1: Called Strike
3-2: Foul Ball, location: 2F
3-2: DOUBLE (Flyball, 89XD, EV 105.6 MPH)
Eduard Jatzkov to third
Runner from 3rd tries for Home, SAFE, throw by RF to trailing runner, SAFE at third!
Batting: SHB Miguel Carrasco 0-0: Ground out 6-3 (Groundball, 4M, EV 82.5 MPH)
Alfonso Santana scores
Batting: LHB Andrej Eenkhoorn 0-0: Ball
1-0: Ball
2-0: Ball
3-0: Base on Balls
Batting: RHB Steve Scott 0-0: Called Strike
0-1: Foul Ball, location: 2F
0-2: Ball
1-2: Ball
2-2: SINGLE (Groundball, 4MD, EV 106.3 MPH)
Andrej Eenkhoorn to second
Batting: SHB Ted Simmons 0-0: Fly out, F9 (Flyball, 9S, EV 83.1 MPH)
Bottom of the 3rd over - 2 runs, 2 hits, 0 errors, 2 left on base; Kinuso 2 - Puerto Rico 2
TOP OF THE 4TH
Kinuso Blues batting - Pitching for Puerto Rico Hurricanes : RHP Eduard Jatzkov
Batting: LHB Robby Burgess 0-0: Ball
1-0: Foul Ball, location: 3DF
1-1: Ball
2-1: SINGLE (Groundball, 34D, EV 98.8 MPH)
Batting: RHB César Muñóz 0-0: Ball
1-0: Ball
2-0: Called Strike
2-1: Sac Bunt - play at second, runner OUT -> throw to first, DP!
Batting: RHB Steve Powell 0-0: Called Strike
0-1: Ball
1-1: DOUBLE (Line Drive, 9LM, EV 105.0 MPH)
Batting: RHB Terry Stabler 0-0: Ball
1-0: Called Strike
1-1: Foul Ball, location: 3DF
1-2: Ball
2-2: Ball
3-2: Foul Ball, location: 2F
3-2: Foul Ball, location: 3DF
3-2: Base on Balls
Batting: LHB Von Joshua 0-0: Ball
1-0: Foul Ball, location: 2F
1-1: SINGLE (Line Drive, 34D, EV 96.3 MPH)
Steve Powell to third
Terry Stabler to second
Runner from 3rd tries for Home, SAFE, throw by RF to home
Batting: SHB Ken Henderson 0-0: Fly out, F8 (Line Drive, 8LM, EV 91.3 MPH)
Top of the 4th over - 1 run, 3 hits, 0 errors, 2 left on base; Kinuso 3 - Puerto Rico 2
BOTTOM OF THE 4TH
Puerto Rico Hurricanes batting - Pitching for Kinuso Blues : RHP Terry Stabler
Batting: LHB Yoshitaka Kouda 0-0: SOLO HOME RUN (Flyball, 7D, EV 96.9 MPH), Distance : 366 ft
Batting: LHB Koyo Yamamoto 0-0: Ball
1-0: Foul Ball, location: 7LMF
1-1: Ball
2-1: Foul Ball, location: 25FF
2-2: Foul Ball, location: 23FF
2-2: Foul Ball, location: 23FF
2-2: Ball
3-2: Base on Balls
Batting: RHB Woody Frazier 0-0: Ball
Koyo Yamamoto steals 2nd base
1-0: Called Strike
1-1: Ground out 3-1 (Groundball, 34S, EV 83.1 MPH)
Koyo Yamamoto to third
Batting: RHB Eduard Jatzkov 0-0: Called Strike
0-1: Fly out, F6 (Line Drive, 56, EV 66.9 MPH)
Batting: RHB Alfonso Santana 0-0: Ball
1-0: Ball
2-0: Ball
3-0: Base on Balls
Batting: SHB Miguel Carrasco 0-0: Ball
1-0: Ball
2-0: Ball
Wild Pitch!
Koyo Yamamoto scores
Alfonso Santana to second
3-0: Called Strike
3-1: Base on Balls
Batting: LHB Andrej Eenkhoorn 0-0: Ball
1-0: Ball
2-0: Ball
3-0: Called Strike
3-1: SINGLE (Groundball, 34, EV 105.6 MPH)
Alfonso Santana to third
Miguel Carrasco to second
Runner from 3rd tries for Home, SAFE, throw by RF to home
Batting: RHB Steve Scott 0-0: Called Strike
0-1: Foul Ball, location: 9LSF
0-2: Ball
1-2: Ball
2-2: Ball
3-2: Base on Balls
Miguel Carrasco to third
Andrej Eenkhoorn to second
Batting: SHB Ted Simmons 0-0: Ground out 4-3 (Groundball, 34D, EV 105.6 MPH)
Bottom of the 4th over - 3 runs, 2 hits, 0 errors, 3 left on base; Kinuso 3 - Puerto Rico 5
TOP OF THE 5TH
Kinuso Blues batting - Pitching for Puerto Rico Hurricanes : RHP Eduard Jatzkov
Batting: LHB John Heller 0-0: Foul Ball, location: 9LSF
0-1: Foul Ball, location: 2F
0-2: Ball
1-2: Strikes out swinging
Batting: RHB Thurman Munson 0-0: Ball
1-0: Foul Ball, location: 23FF
1-1: Ball
2-1: Foul Ball, location: 2F
2-2: Strikes out looking
Batting: RHB Bob Jenkins 0-0: Called Strike
0-1: Called Strike
0-2: Foul Ball, location: 7LMF
0-2: Foul Ball, location: 2RF
0-2: Strikes out swinging
Top of the 5th over - 0 runs, 0 hits, 0 errors, 0 left on base; Kinuso 3 - Puerto Rico 5
BOTTOM OF THE 5TH
Puerto Rico Hurricanes batting - Pitching for Kinuso Blues : RHP Terry Stabler
Batting: LHB Yoshitaka Kouda 0-0: Ground out 4-3 (Groundball, 4, EV 90.0 MPH)
Batting: LHB Koyo Yamamoto 0-0: Ball
1-0: Ball
2-0: Ball
3-0: Base on Balls
Batting: RHB Woody Frazier 0-0: Ground out 4-3 (Groundball, 34, EV 100.6 MPH)
Koyo Yamamoto to second
Batting: RHB Eduard Jatzkov 0-0: Called Strike
0-1: Ball
1-1: Swinging Strike
1-2: Ball
2-2: Foul Ball, location: 2F
2-2: Strikes out looking
Bottom of the 5th over - 0 runs, 0 hits, 0 errors, 1 left on base; Kinuso 3 - Puerto Rico 5
TOP OF THE 6TH
Kinuso Blues batting - Pitching for Puerto Rico Hurricanes : RHP Eduard Jatzkov
Batting: LHB Robby Burgess 0-0: Ball
1-0: Foul Ball, location: 23F
1-1: Ground out U3 (Groundball, 3S, EV 92.5 MPH)
Batting: RHB César Muñóz 0-0: Ball
1-0: Ball
2-0: Ball
3-0: Called Strike
3-1: Foul Ball, location: 2F
3-2: Base on Balls
Batting: RHB Steve Powell 0-0: Grounds into double play, 5-4-3 (Groundball, 56, EV 89.4 MPH)
Top of the 6th over - 0 runs, 0 hits, 0 errors, 0 left on base; Kinuso 3 - Puerto Rico 5
BOTTOM OF THE 6TH
Puerto Rico Hurricanes batting - Pitching for Kinuso Blues : RHP Terry Stabler
Batting: RHB Alfonso Santana 0-0: Called Strike
0-1: Ground out 5-3 (Groundball, 5, EV 63.8 MPH)
Batting: SHB Miguel Carrasco 0-0: Foul Ball, location: 25F
0-1: Ball
1-1: Foul Ball, location: 2F
1-2: Foul Ball, location: 2F
1-2: Ball
2-2: Ball
3-2: Base on Balls
Batting: LHB Andrej Eenkhoorn 0-0: Ball
1-0: Swinging Strike
1-1: Called Strike
1-2: Ball
2-2: Strikes out swinging
Batting: RHB Steve Scott 0-0: SINGLE (Flyball, 9LS, EV 93.8 MPH)
Miguel Carrasco to second
Runner from 2nd tries for 3rd, SAFE, throw by RF made to third
Batting: SHB Ted Simmons 0-0: Called Strike
0-1: Ball
1-1: Called Strike
1-2: SINGLE (Flyball, 9S, EV 87.5 MPH)
Miguel Carrasco scores
Steve Scott to second
Runner from 2nd tries for 3rd, SAFE, throw by RF made to third
Pitching: LHP Claudio Lucero
Now at 2B: Andy Stevens
Batting: LHB Yoshitaka Kouda 0-0: Ball
1-0: Called Strike
1-1: Ball
2-1: Ball
3-1: Foul Ball, location: 2F
3-2: Strikes out swinging
Bottom of the 6th over - 1 run, 2 hits, 0 errors, 2 left on base; Kinuso 3 - Puerto Rico 6
TOP OF THE 7TH
Kinuso Blues batting - Pitching for Puerto Rico Hurricanes : RHP Eduard Jatzkov
Batting: RHB Andy Stevens 0-0: Ball
1-0: Ball
2-0: Ground out 5-3 (Groundball, 56, EV 84.4 MPH)
Batting: LHB Von Joshua 0-0: Ball
1-0: Ball
2-0: Called Strike
2-1: Swinging Strike
2-2: Strikes out swinging
Batting: SHB Ken Henderson 0-0: Ball
1-0: SINGLE (Groundball, 6MD, EV 96.9 MPH)
Batting: LHB John Heller 0-0: Ball
1-0: Called Strike
1-1: Fly out, F8 (Flyball, 8RM, EV 93.1 MPH)
Top of the 7th over - 0 runs, 1 hit, 0 errors, 1 left on base; Kinuso 3 - Puerto Rico 6
BOTTOM OF THE 7TH
Puerto Rico Hurricanes batting - Pitching for Kinuso Blues : LHP Claudio Lucero
Batting: LHB Koyo Yamamoto 0-0: Ball
1-0: Ground out 4-3 (Groundball, 34D, EV 101.3 MPH)
Batting: RHB Woody Frazier 0-0: Ball
1-0: Ball
2-0: Swinging Strike
2-1: Foul Ball, location: 2F
2-2: Ground out 6-3 (Groundball, 6, EV 85.6 MPH)
Batting: RHB Eduard Jatzkov 0-0: Ball
1-0: Swinging Strike
1-1: Called Strike
1-2: Foul Ball, location: 2LF
1-2: Strikes out swinging
Bottom of the 7th over - 0 runs, 0 hits, 0 errors, 0 left on base; Kinuso 3 - Puerto Rico 6
TOP OF THE 8TH
Kinuso Blues batting - Pitching for Puerto Rico Hurricanes : RHP Eduard Jatzkov
Batting: RHB Thurman Munson 0-0: SINGLE (Line Drive, 56, EV 105.6 MPH)
Batting: RHB Bob Jenkins 0-0: Called Strike
0-1: Ball
1-1: Called Strike
1-2: Strikes out looking
Batting: LHB Robby Burgess 0-0: Ball
1-0: Foul Ball, location: 7LDF
1-1: Ball
2-1: Ball
3-1: Called Strike
3-2: Foul Ball, location: 7LDF
3-2: Fly out, F4 (Popup, 4S, EV 81.3 MPH)
Batting: RHB César Muñóz 0-0: Ball
1-0: Called Strike
1-1: Called Strike
1-2: Foul Ball, location: 25F
1-2: Strikes out swinging
Top of the 8th over - 0 runs, 1 hit, 0 errors, 1 left on base; Kinuso 3 - Puerto Rico 6
BOTTOM OF THE 8TH
Puerto Rico Hurricanes batting - Pitching for Kinuso Blues : LHP Claudio Lucero
Batting: RHB Alfonso Santana 0-0: Foul Ball, location: 9LDF
0-1: Fly out, F5 (Popup, 56, EV 75.0 MPH)
Batting: SHB Miguel Carrasco 0-0: Called Strike
0-1: Called Strike
0-2: Strikes out swinging
Batting: LHB Andrej Eenkhoorn 0-0: Ball
1-0: Ball
2-0: Swinging Strike
2-1: Ball
3-1: Base on Balls
Batting: RHB Steve Scott 0-0: 2-RUN HOME RUN (Flyball, 78XD, EV 101.9 MPH), Distance : 406 ft
Batting: SHB Ted Simmons 0-0: Swinging Strike
0-1: Swinging Strike
0-2: Ball
1-2: Ball
2-2: Foul Ball, location: 23F
2-2: Strikes out looking
Bottom of the 8th over - 2 runs, 1 hit, 0 errors, 0 left on base; Kinuso 3 - Puerto Rico 8
TOP OF THE 9TH
Kinuso Blues batting - Pitching for Puerto Rico Hurricanes : RHP Eduard Jatzkov
Pinch Hitting: RHB Manabu Azuma 0-0: Called Strike
0-1: Ball
1-1: Swinging Strike
1-2: Strikes out swinging
Batting: RHB Andy Stevens 0-0: Called Strike
0-1: Foul Ball, location: 2LF
0-2: Ball
1-2: Foul Ball, location: 2F
1-2: Ball
2-2: Ground out 5-3 (Groundball, 56S, EV 88.8 MPH)
Batting: LHB Von Joshua 0-0: Called Strike
0-1: Ball
1-1: Fly out, F9 (Flyball, 9, EV 82.5 MPH)
Top of the 9th over - 0 runs, 0 hits, 0 errors, 0 left on base; Kinuso 3 - Puerto Rico 8
Friday, March 22nd , 2024 - OOTP Baseball 24.8 Build 75